 Dungeon Crawl Stone Soup version 0.31-a0-174-g85c54bcb58 (webtiles) character file.

Game seed: 11757887230838339068

29578 Anon1729 the Tortoise (level 13, -3/114 (119) HPs)
             Began as a Minotaur Monk on June 15, 2023.
             Was a Believer of Uskayaw.
             Slain by a pharaoh ant (32 damage)
             ... on level 2 of the Lair of Beasts.
             The game lasted 00:10:41 (14840 turns).

Anon1729 the Tortoise (Minotaur Monk)              Turns: 14840, Time: 00:10:42

HP:   -3/114 (119)  AC: 17    Str: 18    XL:     13   Next: 15%
MP:   19/19         EV: 20    Int:  7    God:    Uskayaw [**....]
Gold: 924           SH:  5    Dex: 22    Spells: 12/12 levels left

rFire   . . .        T - +0 dagger (venom)
rCold   . . .        d - orb {light}
rNeg    . . .        o - +0 acid dragon scales
rPois   .            (helmet restricted)
rElec   .            D - +2 cloak
rCorr   +            Z - +2 pair of gloves
SInv    .            (no boots)
Will    .....        f - amulet of reflection
Stlth   +            y - +4 ring of slaying
HPRegen 0.39/turn    K - +6 ring of dexterity
MPRegen 0.16/turn

%: reflection
@: glowing, studying Armour, lightly drained
A: horns 2, retaliatory headbutt
a: Renounce Religion, Stomp, Line Pass


You were on level 2 of the Lair of Beasts.
You worshipped Uskayaw.
Uskayaw was aware of your devotion.
You visited 3 branches of the dungeon, and saw 16 of its levels.
You also visited: Bailey.

You collected 924 gold pieces.

Inventory:

Hand Weapons
 Q - the +4 halberd of Sin {protect, Will++ Str+2}
   (You found it on level 7 of the Dungeon)

   Str:       It affects your strength (+2).
   Will:      It greatly increases your willpower.
 T - a +0 dagger of venom (weapon)
Missiles
 E - 2 throwing nets
Armour
 a - a +1 scale mail of cold resistance
 d - an orb of light (worn)
 o - +0 acid dragon scales (worn)
 C - an orb of mayhem
 D - a +2 cloak (worn)
 M - a scarf of resistance
 Z - a +2 pair of gloves (worn)
Jewellery
 b - a +5 ring of evasion
 e - a ring of resist corrosion
 f - an amulet of reflection (around neck)
 r - a ring of fire
 u - a +6 ring of strength
 y - a +4 ring of slaying (left hand)
 F - the ring "Ostraph" {Fly rPois rCorr Dex-4 Stlth+}
   (You found it on level 4 of the Dungeon)

   [ring of flight]

   Dex:       It affects your dexterity (-4).
   rPois:     It protects you from poison.
   Fly:       It grants you flight.
   rCorr:     It protects you from acid and corrosion.
   Stlth:     It makes you more stealthy.
 K - a +6 ring of dexterity (right hand)
 N - an amulet of faith
 X - an amulet of guardian spirit
Wands
 L - a wand of flame (25)
 W - a wand of charming (8)
Scrolls
 g - 4 scrolls of teleportation
 h - 4 scrolls of amnesia
 k - 3 scrolls of poison
 n - a scroll of identify
 p - 3 scrolls of blinking
 q - a scroll of summoning
 s - 3 scrolls of fog
 t - 3 scrolls of fear
 v - 2 scrolls of enchant weapon
 B - 2 scrolls of brand weapon
 H - 3 scrolls of enchant armour {unknown}
 I - 3 scrolls of immolation {unknown}
 O - a scroll of revelation {unknown}
 Y - 5 scrolls of vulnerability {unknown}
Potions
 c - 2 potions of ambrosia
 i - 5 potions of might {unknown}
 j - 6 potions of degeneration {unknown}
 l - 4 potions of invisibility
 m - 7 potions of curing
 w - a potion of enlightenment {unknown}
 x - 2 potions of magic {unknown}
 z - 4 potions of cancellation {unknown}
 G - 2 potions of lignification {unknown}
 J - 4 potions of mutation
 P - 3 potions of haste {unknown}
 R - 3 potions of brilliance {unknown}
 S - 3 potions of attraction {unknown}
 U - 2 potions of heal wounds
 V - 2 potions of experience {unknown}
Miscellaneous
 A - a sack of spiders


   Skills:
 + Level 12.6 Fighting
 + Level 11.7 Short Blades
 + Level 15.0 Armour
 + Level 11.7 Dodging
 + Level 10.2 Invocations


You had 12 spell levels left.
You didn't know any spells.
Your spell library contained the following spells:

 Spells                   Type           Power      Damage    Failure   Level
 Apportation              Tloc           0%         N/A       50%         1
 Magic Dart               Conj           0%         1d3       50%         1
 Necrotise                Necr           0%         1d4       50%         1
 Summon Small Mammal      Summ           0%         N/A       50%         1
 Blink                    Tloc           0%         N/A       63%         2
 Call Imp                 Summ           0%         N/A       63%         2
 Lesser Beckoning         Tloc           0%         N/A       63%         2
 Call Canine Familiar     Summ           0%         N/A       86%         3
 Frozen Ramparts          Ice            0%         1d1       86%         3
 Gell's Gravitas          Tloc           0%         N/A       86%         3
 Ignite Poison            Fire/Tmut/Pois 0%         N/A       86%         3
 Mephitic Cloud           Conj/Pois/Air  0%         N/A       86%         3
 Portal Projectile        Hex/Tloc       0%         N/A       86%         3
 Teleport Other           Tloc           0%         N/A       86%         3
 Ice Form                 Ice/Tmut       0%         N/A       99%         4
 Leda's Liquefaction      Hex/Erth       0%         N/A       99%         4
 Manifold Assault         Tloc           0%         N/A       99%         4
 Sticky Flame             Conj/Fire      0%         2d3       99%         4
 Summon Ice Beast         Ice/Summ       0%         N/A       99%         4
 Lee's Rapid Deconstruct  Erth           0%         3d4*      100%        5
 Summon Forest            Summ/Tloc      0%         N/A       100%        5
 Eringya's Noxious Bog    Tmut/Pois      0%         N/A       100%        6
 Leda's Unmaking          Conj/Erth      0%         9d1       100%        6
 Statue Form              Tmut/Erth      0%         N/A       100%        6
 Storm Form               Tmut/Air       0%         N/A       100%        7
 Summon Hydra             Summ           0%         N/A       100%        7
 Ignition                 Fire           0%         3d3       100%        8


Dungeon Overview and Level Annotations

Branches:
Dungeon (13/15)            Temple (1/1) D:4            Lair (2/5) D:8
 Spider (0/4) Lair:2          Orc (0/2) D:12         Bailey (visited)
  Swamp: Lair:2-3    Shoals: Lair:2-3    Vaults: D:13-14

Altars:
Ashenzari
Cheibriados
Dithmenos
Elyvilon
Fedhas
Gozag
Hepliaklqana
Kikubaaqudgha
Makhleb
Nemelex Xobeh
Okawaru
Qazlal
Ru
Sif Muna
Trog
Uskayaw
Vehumet
Wu Jian
Xom
Yredelemnul
Zin
The Shining One

Shops:
D:11 (

Annotations:
Lair:1 exclusion: oklob plant


Innate Abilities, Weirdness & Mutations

You have a pair of horns on your head.
You reflexively headbutt those who attack you in melee.


Message History

The jumping spider pounces on you!
The jumping spider bites you but does no damage.
The pharaoh ant bites you! The jumping spider pounces on you!
The jumping spider bites you but does no damage.
The pharaoh ant bites you! The jumping spider pounces on you.
The jumping spider bites you.
You turn to flesh and can move again.
You hit the jumping spider.
The jumping spider is poisoned.
You headbutt the jumping spider, but do no damage.
The jumping spider is lightly wounded.
You block the pharaoh ant's attack.
You hit the jumping spider.
The jumping spider looks as sick as possible!
The jumping spider is moderately wounded.
The jumping spider leaps!
The pharaoh ant bites you!!
You feel drained.
* * * LOW HITPOINT WARNING * * *
You are too injured to fight recklessly!
You are too injured to fight recklessly!
You are too injured to fight recklessly!
You are too injured to fight recklessly!
You are too injured to fight recklessly!
You are too injured to fight recklessly!
You are too injured to fight recklessly!
You are too injured to fight recklessly!
You are too injured to fight recklessly!
You are too injured to fight recklessly!
You are too injured to fight recklessly!
You are too injured to fight recklessly!
You are too injured to fight recklessly!
You are too injured to fight recklessly!
You are too injured to fight recklessly!
You are too injured to fight recklessly!
You are too injured to fight recklessly!
You are too injured to fight recklessly!
You are too injured to fight recklessly!
You hit the pharaoh ant.
The pharaoh ant is lightly damaged.
The pharaoh ant bites you!!
You die...

..###..##..# #..#...
...# ##..... #...#.
###..... .....s
##P#....###..>..# ##
$.$..............
#.##.##..†..#○......
##..##P.....@B......
#............###.#..
##........#...#
#.....##.#...#
#...######.....
##..# .....##
#.#.#####......#
##.#........#...
####......##


You could see a pharaoh ant and a jumping spider (extremely poisoned).

Vanquished Creatures
  A rakshasa (D:13)
  A deep elf high priest (D:13)
  4 two-headed ogres
  2 centaur warriors (D:13)
  A boulder beetle (D:13)
  A hell knight (D:13)
  A slime creature (D:12)
  A flayed ghost (D:13)
  Pikel (D:7)
  An orc knight (Bailey)
  2 ugly things (D:13)
  A manticore (D:13)
  2 cyclopes (D:13)
  A black mamba (Lair:2)
  A torpor snail (Lair:1)
  A gargoyle (D:11)
  5 cane toads (Lair:1)
  2 unseen horrors
  3 kobold demonologists (D:11)
  A rime drake (Lair:1)
  A komodo dragon (Lair:1)
  A yaktaur (D:13)
  6 trolls
  3 meliai (D:12)
  Prince Ribbit (D:8)
  A jumping spider (Lair:2)
  2 shadows
  2 wraiths
  2 basilisks
  23 yaks
  2 steam dragons
  Grum (D:8)
  A redback (Lair:2)
  7 vampire mosquitoes (D:11)
  2 wargs (D:8)
  3 acid dragons
  3 water moccasins (Lair:1)
  3 ice beasts
  8 orc warriors
  A sky beast (D:7)
  A black bear (D:6)
  10 wolves
  4 ogres
  2 phantoms
  4 centaurs
  3 lemures (D:6)
  3 kobold brigands
  7 bullfrogs
  2 scorpions
  11 wights
  A howler monkey (shapeshifter) (D:12)
  6 howler monkeys
  5 electric eels
  6 hounds
  3 iron imps (D:4)
  2 jellies
  13 orc priests
  2 sleepcaps
  Terence (D:2)
  11 hell rats (Lair:1)
  2 gnoll boudas
  23 orc wizards
  Robin (D:2)
  25 gnolls
  5 adders
  14 river rats (Lair:1)
  A shadow imp (D:5)
  A white imp (D:7)
  An ufetubus (D:4)
  2 worms (D:2)
  A dart slug (D:4)
  60 orcs
  7 ball pythons
  8 endoplasms
  A giant cockroach (D:1)
  18 goblins
  9 hobgoblins
  10 quokkas
  3 bats
  3 frilled lizards
  18 kobolds
  21 rats
437 creatures vanquished.

Vanquished Creatures (others)
  A wizard (D:5)
1 creature vanquished.

Grand Total: 438 creatures vanquished

Notes
Turn   | Place    | Note
-------+----------+-------------------------------------------
     0 | D:1      | Anon1729 the Minotaur Monk began the quest for the Orb.
     0 | D:1      | Reached XP level 1. HP: 19/19 MP: 0/0
   242 | D:1      | Reached XP level 2. HP: 23/27 MP: 1/1
   533 | D:1      | Reached skill level 1 in Armour
   953 | D:2      | Found a shadowy altar of Dithmenos.
   993 | D:2      | Noticed Terence
  1002 | D:2      | Killed Terence
  1003 | D:2      | Reached skill level 1 in Invocations
  1003 | D:2      | Reached XP level 3. HP: 30/33 MP: 2/2
  1250 | D:2      | Noticed Robin
  1259 | D:2      | Reached XP level 4. HP: 26/40 MP: 3/3
  1281 | D:2      | Killed Robin
  1282 | D:2      | Reached skill level 2 in Armour
  1713 | D:3      | Reached XP level 5. HP: 28/47 MP: 5/5
  1842 | D:3      | Found a snail-covered altar of Cheibriados.
  2499 | D:4      | Found a staircase to the Ecumenical Temple.
  2615 | D:4      | Identified the +0 robe of the Cockatrice {MP+9 Archmagi}
  2643 | Temple   | Entered the Ecumenical Temple
  2802 | Temple   | Became a worshipper of Uskayaw the Reveller
  2802 | Temple   | Reached * piety under Uskayaw
  2826 | D:4      | Found a burning altar of Makhleb.
  2839 | D:4      | Reached ** piety under Uskayaw
  2843 | D:4      | Reached *** piety under Uskayaw
  2845 | D:4      | Reached skill level 3 in Armour
  2845 | D:4      | Reached XP level 6. HP: 53/55 MP: 6/6
  2845 | D:4      | Reached **** piety under Uskayaw
  2857 | D:4      | Reached skill level 5 in Fighting
  3089 | D:4      | Identified the ring "Ostraph" {Fly rPois rCorr Dex-4
                  | Stlth+}
  3151 | D:4      | Found a sacrificial altar of Ru.
  3247 | D:4      | Reached skill level 5 in Short Blades
  3247 | D:4      | Reached skill level 5 in Dodging
  3247 | D:4      | Reached XP level 7. HP: 40/61 MP: 8/8
  3593 | D:5      | Entered Level 5 of the Dungeon
  3715 | D:5      | Reached skill level 4 in Armour
  4238 | D:5      | Found a bloodstained altar of Trog.
  4243 | D:5      | Noticed a wizard
  4245 | D:5      | Killed a wizard
  4297 | D:5      | Reached XP level 8. HP: 56/70 MP: 9/9
  4459 | D:6      | Reached ***** piety under Uskayaw
  4557 | D:6      | Identified the +7 quarterstaff of Fimbulwinter {spect,
                  | rCorr}
  4621 | D:6      | Reached skill level 5 in Armour
  4914 | D:6      | Reached skill level 6 in Armour
  4971 | D:6      | Reached skill level 5 in Invocations
  4971 | D:6      | Reached XP level 9. HP: 58/79 MP: 11/11
  5505 | D:7      | Found an opulent altar of Gozag.
  5552 | D:7      | Identified the +4 halberd of Sin {protect, Will++ Str+2}
  5753 | D:7      | Noticed Pikel
  5857 | D:7      | Killed Pikel
  5858 | D:7      | Reached skill level 7 in Armour
  5905 | D:7      | Found a white marble altar of Elyvilon.
  5978 | D:7      | Found a basalt altar of Yredelemnul.
  5984 | D:7      | Found a glowing golden altar of the Shining One.
  5986 | D:7      | Noticed an angel
  6702 | D:8      | Found a flagged portal.
  6711 | D:8      | Reached XP level 10. HP: 86/90 MP: 13/13
  6847 | Bailey   | Entered a bailey
  7022 | Bailey   | Noticed an orc knight
  7033 | Bailey   | Killed an orc knight
  7279 | Bailey   | Acquired a manual of Armour
  7345 | D:8      | Reached skill level 8 in Armour
  7508 | D:8      | Found a staircase to the Lair.
  7508 | D:8      | Noticed Prince Ribbit
  7519 | D:8      | Killed Prince Ribbit
  8318 | D:8      | Noticed Grum
  8333 | D:8      | Reached skill level 9 in Armour
  8341 | D:8      | Killed Grum
  8511 | D:8      | Found an iron altar of Okawaru.
  9014 | D:9      | Noticed a two-headed ogre
  9031 | D:9      | Killed a two-headed ogre
  9429 | D:9      | Reached XP level 11. HP: 87/99 MP: 15/15
  9654 | D:9      | Reached skill level 10 in Armour
  9756 | D:10     | Entered Level 10 of the Dungeon
  9804 | D:10     | Reached skill level 10 in Fighting
 10095 | D:10     | Noticed a two-headed ogre
 10107 | D:10     | Killed a two-headed ogre
 10769 | D:11     | Noticed a two-headed ogre
 10787 | D:11     | Killed a two-headed ogre
 10798 | D:11     | Reached ****** piety under Uskayaw
 10803 | D:11     | Noticed a two-headed ogre
 10813 | D:11     | Killed a two-headed ogre
 10814 | D:11     | Reached skill level 11 in Armour
 10981 | D:11     | Identified the +0 leather armour of the Fisher {rF+ rC++
                  | rN+ Int+2}
 11323 | D:11     | Reached skill level 10 in Dodging
 11325 | D:11     | Reached skill level 10 in Short Blades
 11332 | D:11     | Found Circhixou's Antique Weapon Shoppe.
 11345 | D:11     | Reached skill level 12 in Armour
 11657 | D:12     | Reached XP level 12. HP: 96/110 MP: 17/17
 12423 | D:12     | Found a shadowy altar of Dithmenos.
 12430 | D:12     | Reached skill level 13 in Armour
 12632 | D:12     | Found a staircase to the Orcish Mines.
 13013 | D:13     | Noticed a centaur warrior
 13021 | D:13     | Killed a centaur warrior
 13068 | D:13     | Noticed a boulder beetle
 13078 | D:13     | Killed a boulder beetle
 13303 | D:13     | Noticed a rakshasa
 13320 | D:13     | Killed a rakshasa
 13442 | D:13     | Noticed a centaur warrior
 13443 | D:13     | Noticed a deep elf high priest
 13508 | D:13     | Killed a centaur warrior
 13511 | D:13     | Killed a deep elf high priest
 13512 | D:13     | Reached skill level 14 in Armour
 13552 | D:13     | Identified the staff of conjuration "Byvapnim" {+Blink rC+}
 13776 | Lair:1   | Entered Level 1 of the Lair of Beasts
 13970 | Lair:1   | Reached skill level 10 in Invocations
 14003 | Lair:1   | Reached XP level 13. HP: 103/119 MP: 19/19
 14821 | Lair:2   | Found a hole to the Spider Nest.
 14830 | Lair:2   | Reached skill level 15 in Armour
 14840 | Lair:2   | Slain by a pharaoh ant

Illustrated notes

Levels and vault maps discovered:
D:1:      minmay_arrival_jagged, layout_loops_ring, roderic_lattice_a,
          minivault_14, amethyst_killhole
D:2:      layout_loops_ring, basic_altar, minivault_19, uniq_terence, uniq_robin
D:3:      layout_loops_ring, general_overflow_altar
D:4:      layout_basic, lemuel_crystal_altar, demons_altar, temple_fountains
D:5:      layout_basic, trog_wizard
D:6:      layout_cave_pools, nrook_mini_vaults
D:7:      layout_basic, mainiacjoe_overflow_cross_hatched, lemuel_doored_altar,
          grunt_temple_overflow_holy_war, minivault_14, kennysheep_nondescript,
          uniq_pikel
D:8:      layout_loops_ring, kennysheep_okawaru_gauntlet,
          erik_lair_orcish_takeover, enter_bailey_2, serial_bayou,
          serial_bayou_lagoon_b, serial_bayou_pond_d, serial_bayou_shore_a,
          serial_bayou_lagoon_a, uniq_grum, uniq_prince_ribbit1
D:9:      layout_roguey
D:10:     layout_loops_ring, st_stairs_8
D:11:     layout_gridville, serial_shops, nicolae_shop_crystal
D:12:     layout_basic, orc_0_dummy, grunt_dithmenos_shadows
D:13:     layout_cross, minmay_checkered_concentric_circles
Temple:   hellmonk_temple_forest_ring
Lair:1:   lemuel_ratsnest, layout_chaotic_city, grunt_megastairs_2
Lair:2:   layout_layer_cave, nicolae_spider_entry_lesser_pyramids,
          lemuel_centaur_altar, lemuel_fruit_tree

Skill      XL: |  1  2  3  4  5  6  7  8  9 10 11 12 13 |
---------------+----------------------------------------+-----
Armour         | 1 2 3 4 6 7 9 12 14 15 | 15.0
Fighting       | 4 5 6 7 8 9 11 12 | 12.6
Invocations    | 1 2 3 5 6 7 8 10 | 10.2
Dodging        | 4 5 6 7 9 10 11 | 11.7
Short Blades   | 4 5 6 7 9 10 11 | 11.7

Action                     |  1- 3 |  4- 6 |  7- 9 | 10-12 | 13-15 || total
---------------------------+-------+-------+-------+-------+-------++-------
  Melee: Short sword       |    60 |   161 |   247 |    97 |       ||   565
         Headbutt          |    16 |    39 |    74 |   223 |    26 ||   378
         Dagger            |       |       |       |   572 |    89 ||   661
 Invoke: Stomp             |       |       |     2 |     3 |       ||     5
         Line Pass         |       |       |       |     1 |       ||     1
         Grand Finale      |       |       |       |     1 |       ||     1
  Evoke: Wand              |       |       |       |     7 |       ||     7
    Use: Scroll            |       |       |     3 |    11 |       ||    14
         Potion            |       |       |       |     1 |       ||     1
   Stab: Paralysed         |       |     4 |    24 |    56 |    12 ||    96
 Armour: Leather armour    |    17 |    43 |    52 |    34 |       ||   146
         Robe              |     1 |       |       |       |       ||     1
         Scale mail        |       |       |       |    47 |       ||    47
         Acid dragon scale |       |       |       |    20 |     9 ||    29
  Dodge: Dodged            |    33 |    71 |   122 |   307 |    34 ||   567
  Block: Orb               |     8 |    35 |    50 |   111 |     5 ||   209
         Reflection        |       |       |     4 |     5 |       ||     9

Table legend: (Time is in decaauts)
 A = Elapsed time spent in this place.
 B = Non-inter-level travel time spent in this place.
 C = Inter-level travel time spent in this place.
 D = Time resting spent in this place.
 E = Time spent auto-exploring this place.
 F = Levels seen in this place.
 G = Mean time per level.
                   A        B        C        D        E       F      G
               +--------+--------+--------+--------+--------+-----+--------+
         Total |  14437 |  13514 |    923 |   1079 |  10500 |  17 |  849.2 |
       Dungeon |  12852 |  11992 |    860 |   1079 |   9247 |  13 |  988.6 |
        Temple |    173 |    143 |     30 |      0 |    133 |   1 |  173.0 |
          Lair |    990 |    958 |     32 |      0 |    787 |   2 |  495.0 |
        Bailey |    420 |    420 |      0 |      0 |    333 |   1 |  420.0 |
               +--------+--------+--------+--------+--------+-----+--------+

Top non-repeatable levels by time:
     D:8: 1825 daAuts
    D:12: 1240 daAuts
     D:7: 1138 daAuts
     D:6: 1000 daAuts
     D:1: 968 daAuts
     D:5: 953 daAuts
     D:9: 915 daAuts
     D:4: 902 daAuts
  Lair:1: 885 daAuts
     D:3: 842 daAuts
    D:11: 818 daAuts
    D:10: 806 daAuts
    D:13: 781 daAuts
     D:2: 658 daAuts
  Bailey: 420 daAuts
